 Dungeon Crawl Stone Soup version 0.13-a0-2561-ge340899 (webtiles) character file.

263 Grabo the Ruffian (level 4, -3/35 HPs)
             Began as a Draconian Transmuter on July 30, 2013.
             Slain by a worker ant (6 damage)
             ... on Level 4 of the Dungeon.
             The game lasted 00:05:00 (2465 turns).

Grabo the Ruffian (Draconian Transmuter)            Turns: 2465, Time: 00:05:00

HP  -3/35        AC  5     Str 13      XL: 4   Next:  8%
MP   5/6         EV 12     Int 13      God:
Gold 190         SH  0     Dex 12      Spells:  2 memorised,  3 levels left

Res.Fire  : . . .   See Invis. : .     - Unarmed
Res.Cold  : . . .   Warding    : +   (armour unavailable)
Life Prot.: + . .   Conserve   : .   (no shield)
Res.Poison: .       Res.Corr.  : .   (helmet restricted)
Res.Elec. : .       Clarity    : .   (no cloak)
Sust.Abil.: . .     Spirit.Shd : .   (no gloves)
Res.Mut.  : .       Stasis     : .   (boots unavailable)
Res.Rott. : .       Flight     : .   k - amulet of warding {unknown}
Saprovore : . . .                    (no ring)
                                     j - ring of protection from magic {unknown}

@: appendage (expiring), mildly poisoned, somewhat resistant to hostile
enchantments, unstealthy
A: unfitting armour, talons 3, AC +5
a: End Transformation


You were on level 4 of the Dungeon.
You were hungry.
You had grown temporary talons.
You visited 1 branch of the dungeon, and saw 4 of its levels.

You collected 170 gold pieces.

Inventory:

Hand weapons
 a - a +0,+0 sling
Missiles
 b - 34 arrows
 f - 29 stones (quivered)
 p - 2 exploding darts
 s - 16 sling bullets
Comestibles
 i - an apple
 l - 2 bread rations
 m - a royal jelly
 o - a meat ration
 w - 2 chunks of worm flesh
Scrolls
 c - 4 scrolls of identify {unknown}
 g - a scroll of noise {unknown}
 n - 5 scrolls of remove curse {unknown}
 u - a scroll of enchant weapon II {unknown}
Jewellery
 j - a ring of protection from magic (left hand) {unknown}
 k - an amulet of warding (around neck) {unknown}
Potions
 e - a potion of might {unknown}
 h - a potion of cure mutation {unknown}
 q - 3 potions of curing {unknown}
 r - a potion of speed {unknown}
 t - a potion of heal wounds {unknown}
 v - a potion of flight {unknown}
Books
 d - a book of Changes

   Spells                             Type                      Level
   *Beastly Appendage                 Transmutation                1
   Sticks to Snakes                   Transmutation                2
   *Spider Form                       Transmutation/Poison         3
   Ice Form                           Ice/Transmutation            4
   Blade Hands                        Transmutation                5


   Skills:
 - Level 1.1 Fighting
 - Level 1.7 Dodging
 * Level 4.4 Unarmed Combat
 - Level 2.0 Spellcasting
 + Level 3.0 Transmutations


You had 3 spell levels left.
You knew the following spells:

 Your Spells              Type           Power        Failure   Level  Hunger
a - Beastly Appendage     Trmt           #.....       10%         1    ##.....
b - Spider Form           Trmt/Pois      #.........   38%         3    ####...


Dungeon Overview and Level Annotations

Branches:
Dungeon (4/27)
 Temple: D:4-7

Altars:

Annotations
D:3 tesudzi's ghost, weakling MfSk


Innate Abilities, Weirdness & Mutations

Your plain brown scales are hard (AC +5).*
Your body does not fit into most forms of armour.
Your cold-blooded metabolism reacts poorly to cold.
You have claws for feet.*


Message History

You hit the worker ant but do no damage.
The worker ant is moderately wounded.
The worker ant bites you but does no damage.
You hit the worker ant.
Your tail-slap misses the worker ant.
The worker ant is heavily wounded.
* * * LOW HITPOINT WARNING * * *
You feel sick. The worker ant closely misses you.
You punch the worker ant!
The worker ant is almost dead.
The worker ant barely misses you.
You hit the worker ant but do no damage.
The worker ant is almost dead.
The worker ant bites you.
* * * LOW HITPOINT WARNING * * *
You closely miss the worker ant.
You claw the worker ant, but do no damage.
The worker ant is almost dead.
Your transformation is almost over.
The worker ant bites you.
You die...

#####
####...######
##.##.............
.........@........
##.##...a.........
##.........##
#.....###.#
####.## # #.# #..
... ...


You could see a worker ant.

Vanquished Creatures
  An adder (D:2)
  A giant mite (D:2)
  A worm (D:3)
  2 giant geckos
  An ooze (D:1)
  2 ball pythons
  4 giant cockroaches
  7 goblins
  5 hobgoblins
  2 jackals (D:3)
  8 kobolds
  6 bats
  2 giant newts
  8 rats
50 creatures vanquished.

Notes
Turn   | Place    | Note
--------------------------------------------------------------
     0 | D:1      | Grabo, the Draconian Transmuter, began the quest for the Orb.
     0 | D:1      | Reached XP level 1. HP: 16/16 MP: 1/1
   414 | D:1      | Reached XP level 2. HP: 20/23 MP: 3/3
  1161 | D:2      | Reached XP level 3. HP: 28/28 MP: 4/4
  1369 | D:2      | Reached skill level 4 in Unarmed Combat
  1970 | D:3      | Noticed tesudzi's ghost (weakling MfSk)
  2033 | D:2      | Learned a level 3 spell: Spider Form
  2427 | D:3      | Reached XP level 4. HP: 26/35 MP: 6/6
  2465 | D:4      | Slain by a worker ant

Action                   |  1- 3 |  4- 6 || total
-------------------------+-------+-------++-------
Melee: Unarmed           |   200 |    10 ||   210
 Fire: Sling             |    25 |       ||    25
Throw: Dagger            |     1 |       ||     1
 Cast: Beastly Appendage |       |     1 ||     1
